 Dungeon Crawl Stone Soup version 0.30-a0-170-g85af917532 (webtiles) character file.

Game seed: 7204761277835015553

553 qw the Chopper (level 7, -7/44 HPs)
             Began as a Gargoyle Fighter on Sept 30, 2022.
             Mangled by an iguana (9 damage)
             ... on level 5 of the Dungeon.
             The game lasted 00:01:16 (3835 turns).

qw the Chopper (Gargoyle Fighter)                   Turns: 3835, Time: 00:01:17

Health: -7/44      AC: 15    Str: 22    XL:     7   Next: 29%
Magic:  0/7        EV:  7    Int:  8    God:
Gold:   46         SH:  4    Dex:  9    Spells: 6/6 levels left

rFire   . . .      SeeInvis +    Y - +1 war axe
rCold   . . .      Faith    .    c - +0 buckler
rNeg    + . .      Spirit   +    n - +0 chain mail
rPois   inf        Reflect  .    (no helmet)
rElec   +          Harm     .    k - +0 cloak
rCorr   .          Rampage  .    (no gloves)
Will    .....                    (no boots)
Stlth   ..........               e - amulet of guardian spirit
HPRegen 0.14/turn                m - ring of see invisible
MPRegen 0.10/turn                (no ring)

@: no status effects
A: sickness immunity, AC +4, negative energy resistance 1, electricity
resistance, torment resistance 1, petrification resistance
a: no special abilities


You were on level 5 of the Dungeon.
You visited 1 branch of the dungeon, and saw 5 of its levels.

You collected 196 gold pieces.
You spent 150 gold pieces at shops.


Innate Abilities, Weirdness & Mutations

You are immune to sickness and miasma.
Your stone body is resilient. (AC +4)
You are immune to poison.
You resist negative energy. (rN+)
You are resistant to electric shocks. (rElec)
You are resistant to unholy torment.
You are immune to petrification.


   Skills:
 - Level 4.8 Fighting
 - Level 6.1 Axes
 - Level 1.1 Throwing
 - Level 3.2 Armour
 + Level 0.7 Dodging
 - Level 3.2 Shields


You had 6 spell levels left.
You didn't know any spells.
Your spell library was empty.

Inventory:

Hand Weapons
 f - a +3 demon whip of flaming
 Y - a +1 war axe (weapon)
Missiles
 i - 2 javelins (quivered)
Armour
 c - a +0 buckler (worn)
 k - a +0 cloak (worn)
 n - a +0 chain mail (worn)
Jewellery
 e - an amulet of guardian spirit (around neck)
 m - a ring of see invisible (left hand)
 p - a ring of see invisible
Scrolls
 a - 4 scrolls of teleportation
 h - a scroll of identify
Potions
 d - 2 potions of might
 j - a potion of attraction
 l - a potion of heal wounds
 q - a potion of resistance {unknown}

Dungeon Overview and Level Annotations

Branches:
Dungeon (5/15)
 Temple: D:4-7

Altars:
Ashenzari
Hepliaklqana

Shops:
D:4 =


Message History

A wyvern and an iguana come into view.
Found a stone staircase leading down.
The wyvern hisses angrily.
The iguana hisses angrily.
Enter note: You hit the wyvern.
The wyvern is lightly wounded.
The wyvern barely misses you. x2
You barely miss the wyvern.
The wyvern is lightly wounded.
You closely miss the iguana. The wyvern bites you.
The iguana bites you but does no damage.
The wyvern bites you!
You hit the wyvern.
The wyvern is lightly wounded.
You hit the iguana. The iguana bites you. The wyvern bites you.
The iguana bites you but does no damage.
You slash the iguana!
The iguana is almost dead.
You hit the wyvern but do no damage. The wyvern bites you.
The wyvern barely misses you.
The iguana bites you but does no damage.
You barely miss the iguana.
The iguana is almost dead.
You slash the wyvern! You block the wyvern's attack.
The iguana barely misses you. You block the wyvern's attack.
You closely miss the iguana.
The iguana is almost dead.
You hit the wyvern.
The wyvern bites you but does no damage.
The iguana bites you but does no damage.
The wyvern barely misses you.
You hit the iguana.
The iguana is almost dead.
You hit the wyvern. The wyvern bites you! The iguana bites you.
The wyvern bites you! The iguana bites you!
You die...

....#.........
...#.........
..#........
.........
#>.....###.
#..........
#..l.......
#@.......
......l........
...............
...............
.....#.........
.....#.........
.... #.........
.... ..........


You could see a wyvern and an iguana.

Vanquished Creatures
  A black bear (D:4)
  A bullfrog (D:5)
  2 scorpions
  A hound (D:4)
  3 orc wizards (D:5)
  8 adders
  An ufetubus (D:3)
  A worm (D:2)
  3 dart slugs
  4 orcs
  7 bats
  5 endoplasms
  3 giant cockroaches
  5 goblins
  6 hobgoblins
  11 jackals
  7 kobolds
  2 quokkas (D:1)
  9 ball pythons
  2 frilled lizards
  4 rats
86 creatures vanquished.

Notes
Turn   | Place    | Note
-------+----------+-------------------------------------------
     0 | D:1      | qw the Gargoyle Fighter began the quest for the Orb.
     0 | D:1      | Reached XP level 1. HP: 14/14 MP: 1/1
     0 | D:1      | 0 ||| qw: Version: 0.2-a-12-gaebbb33
     0 | D:1      | 0 ||| qw: Game counter: 1638
     0 | D:1      | 0 ||| qw: Always use a shield: true
     0 | D:1      | 0 ||| qw: God list: Okawaru
     0 | D:1      | 0 ||| qw: Allow faded altars: false
     0 | D:1      | 0 ||| qw: Do Orc after D:15 true
     0 | D:1      | 0 ||| qw: Do second Lair branch before Depths: true
     0 | D:1      | 0 ||| qw: Lair rune preference: random
     0 | D:1      | 0 ||| qw: Plans: Normal, Zot:1-4, God:TSO, Crypt, Tomb,
                  | Pan, Slime:5, Hells, Abyss, Orb
     0 | D:1      | 0 ||| PLANNING D:1-11
    20 | D:1      | Reached skill level 2 in Axes
    26 | D:1      | Reached XP level 2. HP: 15/19 MP: 2/2
   271 | D:1      | 271 ||| Stepping ~*~*~tactically~*~*~ (stealth).
   292 | D:1      | Reached skill level 3 in Axes
   293 | D:1      | 293 ||| Stepping ~*~*~tactically~*~*~ (stealth).
   294 | D:1      | 294 ||| Stepping ~*~*~tactically~*~*~ (stealth).
   313 | D:1      | Reached XP level 3. HP: 20/23 MP: 3/3
   632 | D:1      | 632 ||| Stepping ~*~*~tactically~*~*~ (stealth).
   842 | D:1      | 842 ||| READING 2 scrolls labelled WIL OL TIEQIA.
   846 | D:1      | 846 ||| READING scroll labelled MUIPNY NOXO.
   847 | D:1      | 847 ||| READING scroll labelled SYHAUTRONIO.
   848 | D:1      | 848 ||| READING scroll labelled IJITSU KYMP.
   980 | D:2      | 980 ||| Stepping ~*~*~tactically~*~*~ (stealth).
   997 | D:2      | Reached skill level 1 in Throwing
   997 | D:2      | Reached XP level 4. HP: 28/28 MP: 4/4
  1052 | D:2      | 1052 ||| DROPPING +0 club.
  1155 | D:2      | 1155 ||| Stepping ~*~*~tactically~*~*~ (stealth).
  1157 | D:2      | 1157 ||| Stepping ~*~*~tactically~*~*~ (stealth).
  1617 | D:2      | Found a faded altar of an unknown god.
  1842 | D:2      | 1842 ||| DROPPING scarf of invisibility.
  1843 | D:2      | 1843 ||| UPGRADING to +0 cloak.
  1848 | D:2      | 1848 ||| READING scroll labelled BASHEK OLILEO.
  1849 | D:2      | 1849 ||| READING scroll labelled NUGIFU QYMEYGE.
  1850 | D:2      | 1850 ||| DRINKING 2 yellow potions.
  1851 | D:2      | 1851 ||| DROPPING potion of degeneration.
  2075 | D:3      | Reached skill level 4 in Axes
  2103 | D:3      | Noticed a scorpion
  2110 | D:3      | Killed a scorpion
  2111 | D:3      | Reached XP level 5. HP: 26/32 MP: 5/5
  2180 | D:3      | 2180 ||| Stepping ~*~*~tactically~*~*~ (hiding).
  2434 | D:3      | Found a hazy altar of Hepliaklqana.
  2628 | D:3      | 2628 ||| UPGRADING to ring of see invisible.
  2629 | D:3      | 2629 ||| READING scroll labelled VUILLA KUCK.
  2630 | D:3      | 2630 ||| DRINKING 2 dark potions.
  2663 | D:4      | Reached skill level 5 in Axes
  2737 | D:4      | Found a broken altar of Ashenzari.
  2756 | D:4      | Found Nanij's Jewellery Shoppe.
  2763 | D:4      | 2763 ||| SHOPLISTING amulet of reflection (300 gold, have
                  | 177).
  2763 | D:4      | 2763 ||| SHOPLISTING ring "Imirowucs" {rC+ rN+ MP+9} (382
                  | gold, have 177).
  2763 | D:4      | 2763 ||| SHOPLISTING ring of fire (250 gold, have 177).
  2763 | D:4      | 2763 ||| SHOPLISTING ring of ice (250 gold, have 177).
  2763 | D:4      | 2763 ||| SHOPLISTING ring of positive energy (200 gold,
                  | have 177).
  2763 | D:4      | 2763 ||| SHOPLISTING ring of protection from fire (250
                  | gold, have 177).
  2763 | D:4      | 2763 ||| BUYING ring of see invisible (150 gold).
  2763 | D:4      | Bought a ring of see invisible for 150 gold pieces
  2763 | D:4      | 2763 ||| SHOPLISTING ring of willpower (250 gold, have 27).
  2847 | D:4      | Reached XP level 6. HP: 38/38 MP: 6/6
  2974 | D:4      | Noticed a black bear
  2977 | D:4      | 2977 ||| Stepping ~*~*~tactically~*~*~ (stealth).
  2981 | D:4      | 2981 ||| Stepping ~*~*~tactically~*~*~ (stealth).
  2985 | D:4      | Killed a black bear
  3037 | D:4      | 3037 ||| Stepping ~*~*~tactically~*~*~ (stealth).
  3042 | D:4      | 3042 ||| Stepping ~*~*~tactically~*~*~ (stealth).
  3493 | D:4      | 3493 ||| UPGRADING to +0 chain mail.
  3503 | D:4      | 3503 ||| DROPPING +0 scale mail.
  3504 | D:4      | 3504 ||| UPGRADING to amulet of guardian spirit.
  3509 | D:4      | 3509 ||| READING scroll labelled ROUTZY TESOOPP.
  3510 | D:4      | 3510 ||| DRINKING 2 silvery potions.
  3511 | D:4      | 3511 ||| READING 2 scrolls of identify.
  3511 | D:4      | 3511 ||| IDENTIFYING brown potion
  3533 | D:5      | Entered Level 5 of the Dungeon
  3536 | D:5      | 3536 ||| Stepping ~*~*~tactically~*~*~ (stealth).
  3540 | D:5      | 3540 ||| DRINKING potion of curing.
  3540 | D:5      | 3540 ||| (to cure confusion)
  3554 | D:5      | Reached XP level 7. HP: 14/44 MP: 1/7
  3588 | D:5      | 3588 ||| FLEEEEING.
  3589 | D:5      | 3589 ||| FLEEEEING.
  3590 | D:5      | 3590 ||| STAIRDANCE
  3774 | D:5      | Reached skill level 6 in Axes
  3824 | D:5      | 3824 ||| READING 5 scrolls of teleportation.
  3825 | D:5      | 3825 ||| FLEEEEING.
  3826 | D:5      | 3826 ||| FLEEEEING.
  3827 | D:5      | 3827 ||| FLEEEEING.
  3828 | D:5      | 3828 ||| FLEEEEING.
  3828 | D:5      | Noticed a wyvern
  3835 | D:5      | HP: 11/44 [iguana (4)]
  3835 | D:5      | HP: 2/44 [wyvern (9)]
  3835 | D:5      | Mangled by an iguana

Levels and vault maps discovered:
D:1:      minmay_arrival_checkered_box, layout_rooms, hangedman_feature_mirror
D:2:      layout_basic, shapermc_ecumenical_altar_ellora
D:3:      layout_loops_ring, worldfamousw_hep_ancestral_shrine, st_stairs_8
D:4:      layout_basic, lemuel_doored_altar, serial_shops, shop_fountains
D:5:      layout_basic, minmay_fractal_squares_gapless_5

Skill      XL: |  1  2  3  4  5  6  7 |
---------------+----------------------+-----
Axes           | 2 3 4 5 6 |  6.1
Throwing       | 1 |  1.1
Fighting       | 4 |  4.8
Armour         | |  3.2
Dodging        | |  0.7
Shields        | |  3.2

Action                   |  1- 3 |  4- 6 |  7- 9 || total
-------------------------+-------+-------+-------++-------
Melee: War axe           |   115 |   108 |    14 ||   237
Throw: Javelin           |    10 |    40 |       ||    50
  Use: Scroll            |     4 |     5 |     1 ||    10
       Potion            |       |     4 |       ||     4
Armor: Scale mail        |    63 |    67 |       ||   130
       Chain mail        |       |    35 |    11 ||    46
Dodge: Dodged            |    69 |    69 |     7 ||   145
Block: Buckler           |    18 |    21 |     4 ||    43

Table legend:
 A = Non-vault XP
 B = Vault XP
 C = Vault XP percentage of total XP
 D = Non-vault monster count
 E = Vault monster count
 F = Vault count percentage of total count
                 A         B        C        D         E       F
            +---------+---------+-------+---------+---------+-------
      Total |     784 |       6 |   0.8 |      83 |       3 |   3.5
            +---------+---------+-------+---------+---------+-------
        D:1 |      54 |       4 |   6.9 |      29 |       2 |   6.5
        D:2 |      47 |       0 |   0.0 |      13 |       0 |   0.0
        D:3 |     151 |       2 |   1.3 |      17 |       1 |   5.6
        D:4 |     231 |       0 |   0.0 |      13 |       0 |   0.0
        D:5 |     301 |       0 |   0.0 |      11 |       0 |   0.0
            +---------+---------+-------+---------+---------+-------
